 Dungeon Crawl Stone Soup version 0.27-a0-394-g49c82dfaf2 (webtiles) character file.

Game seed: 6558669861133742910

163198 WaxSun the Bewitcher (level 16, 0/108 HPs)
             Began as a Vampire Enchanter on Feb 20, 2021.
             Was an Initiate of Gozag.
             Slain by a spriggan berserker
             ... wielding a +0 rapier of electrocution
              (14 damage)
             ... on level 2 of the Swamp.
             The game lasted 02:20:01 (40123 turns).

WaxSun the Bewitcher (Vampire Enchanter)           Turns: 40123, Time: 02:20:02

Health: 0/108      AC: 10    Str:  7    XL:     16   Next: 98%
Magic:  11/34      EV: 31    Int: 22    God:    Gozag
Gold:   5418       SH: 12    Dex: 31    Spells: 2/43 levels left

rFire    . . .     SeeInvis +   a - +2 rapier (flame)
rCold    + + .     Faith    .   v - +0 buckler
rNeg     + + +     Spirit   .   w - +0 robe {Archmagi}
rPois    ∞         Reflect  +   L - +2 helmet of Vexation {rN+}
rElec    .         Harm     .   X - +0 cloak {Will+}
rCorr    .         Rampage  .   u - +2 pair of gloves
Will     ++...                  V - +0 pair of boots
Stlth    +++++.....             e - amulet of reflection
HPRegen  0.00/turn              g - +6 ring of dexterity
MPRegen  0.24/turn              F - ring "Warat" {Wiz Dex+8}

@: very slightly contaminated, bloodless, hasted, invisible, slow
A: fangs 3, see invisible, unbreathing
}: 1/15 runes: serpentine
a: Bat Form, Revivify, Renounce Religion, Potion Petition, Call Merchant, Bribe
Branch


You were on level 2 of the Swamp.
You worshipped Gozag.
Gozag was greatly pleased with you.
You visited 6 branches of the dungeon, and saw 30 of its levels.
You also visited: Volcano.

You collected 9964 gold pieces.
You spent 2842 gold pieces at shops.
You paid 1704 gold pieces to Gozag.

Inventory:

Hand Weapons
 a - a +2 rapier of flaming (weapon)
 b - a +1 scimitar of flaming
 N - a +0 double sword
Missiles
 B - 4 throwing nets
Armour
 u - a +2 pair of gloves (worn)
 v - a +0 buckler (worn)
 w - a +0 robe of the Archmagi (worn)
 I - the +0 robe "Hoxacum" {*Corrode rF- rC+++ Int+6}
   (You bought it in a shop on level 2 of the Snake Pit)

   It affects your intelligence (+6).
   It makes you vulnerable to fire.
   It renders you almost immune to cold.
   It may corrode you when you take damage.
 L - the +2 helmet of Vexation (worn) {rN+}
   (You found it on level 12 of the Dungeon)

   It protects you from negative energy.
 V - a +0 pair of boots (worn)
 W - the +2 ring mail of Liberalism {rF++ rC-}
   (You found it on level 14 of the Dungeon)

   It greatly protects you from fire.
   It makes you vulnerable to cold.
 X - a +0 cloak of willpower (worn)
Jewellery
 d - a ring of protection from fire
 e - an amulet of reflection (around neck)
 g - a +6 ring of dexterity (left hand)
 o - a +6 ring of intelligence
 y - a ring of resist corrosion {unknown}
 E - a ring of protection from cold
 F - the ring "Warat" (right hand) {Wiz Dex+8}
   (You found it on level 6 of the Dungeon)

   [ring of wizardry]

   It improves your spell success rate.
   It affects your dexterity (+8).
 M - the ring "Teulau" {Fire rElec Str+5}
   (You found it on level 11 of the Dungeon)

   [ring of fire]

   It enhances your fire magic.
   It affects your strength (+5).
   It protects you from fire.
   It makes you vulnerable to cold.
   It insulates you from electricity.
 Y - a +4 ring of evasion {unknown}
Wands
 q - a wand of polymorph (9)
 s - a wand of acid (19)
 A - a wand of paralysis (2)
 H - a wand of flame (35)
 J - a wand of iceblast (2) (quivered)
 O - a wand of charming (10)
Scrolls
 i - 2 scrolls of enchant armour
 l - a scroll of fear
 m - 15 scrolls of teleportation
 n - 4 scrolls of enchant weapon
 G - a scroll of silence
 P - 2 scrolls of amnesia
 Q - 2 scrolls of vulnerability
 R - a scroll of torment
 S - 4 scrolls of magic mapping
Potions
 c - 8 potions of flight
 f - a potion of berserk rage {unknown}
 h - 17 potions of curing
 j - a potion of resistance {unknown}
 k - 4 potions of magic {unknown}
 x - 3 potions of might
 z - 4 potions of brilliance {unknown}
 C - 3 potions of invisibility
 D - 3 potions of haste
 K - 2 potions of attraction {unknown}
 T - 2 potions of mutation {unknown}
 U - a potion of cancellation {unknown}
Miscellaneous
 t - a phantom mirror


   Skills:
 - Level 15.0 Fighting
 - Level 6.0(8.1) Short Blades
 - Level 7.7(8.5) Long Blades
 + Level 12.8 Dodging
 - Level 15.0 Stealth
 - Level 4.0 Shields
 * Level 14.0 Spellcasting
 - Level 16.0 Hexes
 + Level 6.5 Transmutations
 - Level 3.0 Fire Magic
 + Level 3.7 Earth Magic
 - Level 5.0 Poison Magic


You had 2 spell levels left.
You knew the following spells:

 Your Spells              Type           Power        Failure   Level
a - Cause Fear            Hex            45%          1%          4
b - Ensorcelled Hibernat  Hex/Ice        100%         1%          2
c - Confusing Touch       Hex            91%          0%          3
d - Olgreb's Toxic Radia  Pois           54%          1%          4
e - Ignite Poison         Fire/Tmut/Pois 53%          1%          3
f - Summon Mana Viper     Hex/Summ       66%          1%          5
g - Discord               Hex            45%          16%         8
h - Statue Form           Tmut/Erth      36%          28%         6
i - Invisibility          Hex            91%          1%          6

Your spell library contained the following spells:

 Spells                   Type           Power        Failure   Level
 Corona                   Hex            100%         0%          1
 Slow                     Hex            91%          0%          2
 Beastly Appendage        Tmut           100%         1%          1
 Sting                    Tmut/Pois      100%         1%          1
 Summon Small Mammal      Summ           92%          1%          1
 Passwall                 Tmut/Erth      45%          1%          2
 Poisonous Vapours        Pois/Air       78%          1%          2
 Wereblood                Tmut           61%          1%          2
 Call Imp                 Summ           23%          2%          2
 Corpse Rot               Necr/Air       N/A          2%          2
 Searing Ray              Conj           46%          2%          2
 Sublimation of Blood     Necr           11%          2%          2
 Swiftness                Air            23%          2%          2
 Tukima's Dance           Hex            91%          0%          3
 Dazzling Flash           Conj/Hex       100%         1%          3
 Inner Flame              Hex/Fire       72%          1%          3
 Portal Projectile        Hex/Tloc       100%         1%          3
 Spider Form              Tmut/Pois      28%          1%          3
 Summon Guardian Golem    Hex/Summ       66%          1%          3
 Leda's Liquefaction      Hex/Erth       36%          1%          4
 Petrify                  Tmut/Erth      55%          1%          4
 Metabolic Englaciation   Hex/Ice        33%          1%          5
 Yara's Violent Unravell  Hex/Tmut       39%          1%          5
 Conjure Flame            Conj/Fire      33%          2%          3
 Mephitic Cloud           Conj/Pois/Air  34%          2%          3
 Blade Hands              Tmut           30%          3%          5
 Call Canine Familiar     Summ           23%          4%          3
 Gell's Gravitas          Tloc           11%          4%          3
 Ice Form                 Ice/Tmut       44%          4%          4
 Animate Armour           Summ/Erth      70%          8%          4
 Lee's Rapid Deconstruct  Erth           23%          10%         5
 Dispel Undead            Necr           23%          16%         4
 Passage of Golubria      Tloc           N/A          16%         4
 Summon Ice Beast         Ice/Summ       23%          16%         4
 Summon Lightning Spire   Summ/Air       23%          16%         4
 Bolt of Magma            Conj/Fire/Erth 18%          17%         5
 Fireball                 Conj/Fire      16%          24%         5
 Agony                    Necr           23%          38%         5
 Excruciating Wounds      Necr           11%          38%         5
 Iron Shot                Conj/Erth      17%          71%         6
 Freezing Cloud           Conj/Ice/Air   11%          91%         6
 Orb of Destruction       Conj           11%          100%        7
 Shatter                  Erth           23%          100%        9


Dungeon Overview and Level Annotations

Branches:
Dungeon (15/15)            Temple (1/1) D:6            Lair (6/6) D:9
  Swamp (2/4) Lair:3        Snake (4/4) Lair:2        Slime (0/5) Lair:5
    Orc (2/2) D:12            Elf (0/3) Orc:2        Vaults (0/5) D:14
 Depths (0/5) D:15        Volcano (visited)

Altars:
Ashenzari
Cheibriados
Dithmenos
Elyvilon
Fedhas
Gozag
Hepliaklqana
Kikubaaqudgha
Makhleb
Nemelex Xobeh
Okawaru
Qazlal
Ru
Sif Muna
Trog
Uskayaw
Vehumet
Wu Jian
Xom
Yredelemnul
Zin
The Shining One
Jiyva

Shops:
D:8 :   D:10 =   Orc:1 (   Orc:2 =[*=   Lair:1 :([   Snake:1 (   Snake:2 :*!!
Snake:3 :==

Annotations:
D:4 1 runed translucent door, Maimakterion's ghost, amateur DsMo
D:10 2 transporters
D:13 4 transporters, exclusion: obsidian statue
Lair:6 exclusion: 2 oklob plants


Innate Abilities, Weirdness & Mutations

You do not regenerate when monsters are visible.
You are frail without blood (-20% HP).
You can heal yourself when you bite living creatures.
You are immune to poison.
You have razor-sharp teeth.
You have supernaturally acute eyesight. (SInv)
You can survive without breathing.


Message History

The polar bear claws your mana viper.
Your mana viper barely misses the polar bear.
You hit the spriggan berserker. You burn the spriggan berserker.
The spriggan berserker is severely wounded.
The polar bear barely misses your mana viper.
The polar bear misses your mana viper.
The polar bear closely misses your mana viper.
Your mana viper bites the polar bear.
The spriggan berserker prays to Trog.
The spriggan berserker goes berserk!
You hit the spriggan berserker. You burn the spriggan berserker.
Your bite misses the spriggan berserker.
The spriggan berserker is severely wounded.
The polar bear bites your mana viper!
Your mana viper dies!
The spriggan berserker hits you with a +0 rapier of electrocution!!!
* * * LOW HITPOINT WARNING * * *
The polar bear growls angrily.
As you read the scroll of fear, it crumbles to dust.
You assume a fearsome visage.
The spriggan berserker resists with almost no effort.
The polar bear growls angrily.
The polar bear completely misses you. The polar bear misses you.
The polar bear closely misses you.
The spriggan berserker hits you with a +0 rapier of electrocution!
* * * LOW HITPOINT WARNING * * *
You block the polar bear's attack. The polar bear closely misses you.
The polar bear barely misses you.
Okay, then.
You feel yourself speed up. The spriggan berserker misses you.
The polar bear completely misses you. You block the polar bear's attack. x2
The spriggan berserker barely misses you.
You enter the shallow water.
Moving in this stuff is going to be slow. ...and don't expect to remain undetected.
The polar bear misses you. The polar bear completely misses you.
The polar bear barely misses you.
The spriggan berserker hits you with a +0 rapier of electrocution!
You die...
Your body crumbles into a pile of gold.

.≈.≈♣/.≈≈..)♣♣
≈....≈≈..≈≈..♣
≈.♣≈$≈≈§.≈≈.♣♣
≈..≈≈≈..≈≈..♣
≈(.$§≈§)h.h♣♣
....≈≈≈§.♣♣♣
♣≈...≈≈§..♣♣
♣≈.≈$≈≈≈hi.♣
♣♣.≈≈≈≈§@≈.♣
♣≈.≈≈≈≈≈≈≈≈♣
.♣...≈≈§?♣♣♣
♣♣♣....≈♣
♣♣.≈♣♣♣ ≈..
♣.♣♣ ♣♣ ♣♣♣♣


You could see a spriggan berserker (berserk, regenerating, strong-willed) and 2
polar bears.

Vanquished Creatures
  Vashnia (Snake:2)
  Roxanne (Snake:2)
  Donald (Snake:2)
  3 nagarajas
  Aizul (Snake:4)
  5 bunyips
  A red draconian (Volcano)
  An ettin (D:15)
  Snorg (Orc:1)
  4 eleionomae
  A fire dragon (D:14)
  Erolcha (Orc:1)
  Harold (Orc:1)
  8 naga warriors
  A catoblepas (Lair:4)
  10 hydras
  2 centaur warriors (D:14)
  3 boulder beetles
  3 ogre magi
  5 anacondas
  Erica (D:8)
  5 two-headed ogres
  3 orc high priests (Orc:2)
  5 shock serpents
  7 naga sharpshooters
  Urug (Lair:1)
  Sonja (Orc:1)
  Nergalle (Lair:4)
  A goliath frog (Swamp:2)
  2 skeletal warriors (D:13)
  An unseen horror (D:10)
  2 salamander mystics
  A swamp dragon (Swamp:2)
  A spriggan druid (Swamp:1)
  A lindwurm (Lair:6)
  Pikel (D:4)
  4 mana vipers
  3 naga ritualists
  A necromancer (Lair:6)
  4 ugly things (D:14)
  4 orc knights (Orc:2)
  3 orc sorcerers (Orc:2)
  2 deep elf pyromancers
  12 salamanders
  2 cyclopes
  3 manticores
  13 black mambas
  A centaur zombie (D:11)
  2 guardian serpents
  13 naga magi
  2 gargoyles
  6 cane toads
  2 molten gargoyles (Volcano)
  Psyche (D:10)
  An efreet (D:13)
  10 komodo dragons
  A tengu conjurer (D:14)
  A polar bear (shapeshifter) (D:15)
  6 tyrant leeches
  5 trolls
  5 polar bears
  11 hornets
  5 slime creatures (D:13)
  9 blink frogs
  18 spriggans
  45 yaks
  A shadow (D:14)
  3 wraiths
  A basilisk (Lair:1)
  A wyvern (Lair:5)
  2 vampire mosquitoes
  4 wargs
  27 nagas
  An acid dragon (D:12)
  4 swamp worms
  11 water moccasins
  21 orc warriors
  A swamp drake (Swamp:1)
  4 ice beasts
  4 sky beasts
  5 black bears
  An eye of draining (D:14)
  A black bear (shapeshifter) (D:14)
  2 necrophages
  3 boggarts (Lair:6)
  31 wolves
  2 lemures (D:4)
  7 ogres
  17 centaurs
  A nameless horror (D:14)
  5 phantoms
  2 kobold brigands
  20 bullfrogs
  2 wyvern zombies (D:13)
  3 scorpions
  A wyvern skeleton (D:14)
  A water moccasin skeleton (D:9)
  11 killer bees
  14 wights
  6 howler monkeys
  7 electric eels
  3 lava snakes (Volcano)
  A bullfrog zombie (D:9)
  A quasit (D:5)
  5 hounds
  4 jellies
  18 orc priests
  4 bullfrog skeletons
  7 centaur skeletons
  Ijyb (D:3)
  4 hell rats (Lair:5)
  4 iguanas
  2 polar bear simulacra (Lair:6)
  5 yak simulacra (Lair:6)
  22 orc wizards
  12 worker ants
  3 wolf simulacra (Lair:6)
  A hound skeleton (D:9)
  13 adders
  4 white imps
  An ufetubus (D:9)
  2 oozes (D:1)
  2 adder skeletons
  2 worms
  2 dart slugs
  6 leopard geckos
  68 orcs
  10 bats
  9 giant cockroaches
  9 goblins
  6 hobgoblins
  6 quokkas
  2 ball pythons
  6 frilled lizards
  19 kobolds
  11 rats
  A river rat simulacrum (Lair:6)
786 creatures vanquished.

Vanquished Creatures (collateral kills)
  Nikola (Snake:2)
  5 nagarajas (Snake:4)
  3 naga warriors (Snake:4)
  A hydra (Swamp:2)
  An alligator (Swamp:1)
  2 dancing weapons (D:14)
  6 naga sharpshooters
  2 skeletal warriors (D:13)
  A spriggan druid (Swamp:1)
  2 swamp dragons
  4 naga ritualists (Snake:4)
  2 mana vipers
  7 black mambas
  7 naga magi
  A guardian serpent (Snake:2)
  A bloated husk (Swamp:1)
  A hornet (Swamp:2)
  A tyrant leech (Swamp:2)
  A spriggan (Swamp:2)
  9 vampire mosquitoes
  A swamp worm (Swamp:1)
  19 nagas
  A nameless horror (Snake:2)
79 creatures vanquished.

Vanquished Creatures (others)
  A naga warrior (Snake:4)
  A black mamba (Snake:4)
  A salamander (Snake:2)
  4 naga magi (Snake:4)
  A bloated husk (Swamp:1)
  A tyrant leech (Swamp:2)
  2 spriggans (Swamp:2)
  A naga (Snake:4)
  A bush (Lair:6)
  10 fungi
  34 plants
57 creatures vanquished.

Grand Total: 922 creatures vanquished

Notes
Turn   | Place    | Note
-------+----------+-------------------------------------------
     0 | D:1      | WaxSun the Vampire Enchanter began the quest for the Orb.
     0 | D:1      | Reached XP level 1. HP: 13/13 MP: 3/3
   253 | D:1      | Reached XP level 2. HP: 18/19 MP: 5/5
   256 | D:1      | Learned a level 2 spell: Ensorcelled Hibernation
   540 | D:1      | Reached XP level 3. HP: 22/24 MP: 1/6
   853 | D:1      | Reached skill level 5 in Stealth
  1117 | D:1      | Learned a level 3 spell: Confusing Touch
  1301 | D:2      | Reached skill level 5 in Hexes
  1988 | D:3      | Found a shadowy altar of Dithmenos.
  2024 | D:3      | Reached XP level 4. HP: 27/30 MP: 0/8
  2146 | D:3      | Noticed Ijyb
  2202 | D:3      | Noticed a sky beast
  2206 | D:3      | Killed Ijyb
  2227 | D:3      | Killed a sky beast
  2228 | D:3      | Reached XP level 5. HP: 20/35 MP: 0/10
  2990 | D:4      | Noticed a phantom
  3062 | D:3      | Killed a phantom
  3063 | D:3      | Reached skill level 1 in Shields
  3063 | D:3      | Reached skill level 6 in Hexes
  3063 | D:3      | Reached XP level 6. HP: 25/41 MP: 3/11
  3455 | D:4      | Found a runed translucent door.
  3456 | D:4      | Noticed Maimakterion's ghost (amateur DsMo)
  3723 | D:4      | Noticed Pikel
  3869 | D:4      | Paralysed by Pikel for 2 turns
  3877 | D:4      | Killed Pikel
  3878 | D:4      | Reached skill level 7 in Hexes
  3878 | D:4      | Reached XP level 7. HP: 41/46 MP: 2/13
  4194 | D:4      | Reached XP level 8. HP: 29/52 MP: 12/15
  4339 | D:4      | Found a burning altar of Makhleb.
  4339 | D:4      | Found a hazy altar of Hepliaklqana.
  4345 | D:4      | Found a stormy altar of Qazlal.
  4347 | D:4      | Found a snail-covered altar of Cheibriados.
  4349 | D:4      | Found a hide-covered altar of Uskayaw.
  4744 | D:5      | Entered Level 5 of the Dungeon
  4761 | D:5      | Reached skill level 5 in Spellcasting
  4771 | D:5      | Reached skill level 8 in Hexes
  4925 | D:5      | Reached skill level 10 in Stealth
  5827 | D:6      | Reached skill level 1 in Fighting
  5834 | D:6      | Got a clouded wooden ring
  5927 | D:6      | Identified the ring "Warat" {Wiz Dex+8} (You found it on
                  | level 6 of the Dungeon)
  6062 | D:6      | Reached XP level 9. HP: 53/59 MP: 12/17
  6329 | D:6      | Found an ancient bone altar of Kikubaaqudgha.
  6390 | D:6      | Found a staircase to the Ecumenical Temple.
  6541 | Temple   | Entered the Ecumenical Temple
  6632 | Temple   | Became a worshipper of Gozag Ym Sagoz the Greedy
  7555 | D:7      | Reached skill level 9 in Hexes
  7926 | D:8      | Reached skill level 5 in Short Blades
  7946 | D:8      | Noticed Erica
  7953 | D:8      | Killed Erica
  7954 | D:8      | Reached skill level 5 in Dodging
  8174 | D:8      | Found a shadowy altar of Dithmenos.
  8211 | D:8      | Found Sihuzajall's Book Boutique.
  8356 | D:8      | Reached skill level 10 in Hexes
  8358 | D:8      | Reached XP level 10. HP: 67/70 MP: 9/19
  8857 | D:8      | Learned a level 4 spell: Olgreb's Toxic Radiance
  8861 | D:8      | Learned a level 3 spell: Ignite Poison
  8905 | D:8      | Reached skill level 1 in Transmutations
  8907 | D:8      | Reached skill level 1 in Fire Magic
  8907 | D:8      | Reached skill level 1 in Poison Magic
  8975 | D:9      | Found a staircase to the Lair.
  9079 | D:9      | Found a glowing silver altar of Zin.
  9887 | D:10     | Entered Level 10 of the Dungeon
  9887 | D:10     | Found an iron altar of Okawaru.
  9889 | D:10     | Found Kiqut's Jewellery Emporium.
 10069 | D:10     | Noticed an orc sorcerer
 10081 | D:10     | Found a transporter.
 10183 | D:10     | Noticed an orc high priest
 10186 | D:10     | Noticed a fire crab
 10222 | D:10     | Noticed an unseen horror
 10230 | D:10     | Killed an unseen horror
 10247 | D:10     | Found a transporter.
 10283 | D:10     | Noticed Psyche
 10292 | D:10     | Killed Psyche
 10962 | D:11     | Got a transparent lead ring
 11338 | D:11     | Reached XP level 11. HP: 76/78 MP: 22/22
 11981 | D:11     | Identified the ring "Teulau" {Fire rElec Str+5} (You found
                  | it on level 11 of the Dungeon)
 12133 | D:12     | Reached skill level 5 in Poison Magic
 12458 | D:12     | Noticed a boulder beetle
 12463 | D:12     | Reached skill level 5 in Fighting
 12466 | D:12     | Killed a boulder beetle
 12567 | D:12     | Got a faintly humming helmet
 12578 | D:12     | Identified the +2 helmet of Vexation {rN+} (You found it on
                  | level 12 of the Dungeon)
 12581 | D:12     | Found a staircase to the Orcish Mines.
 12602 | D:12     | You fall into a shaft and drop 1 floor!
 12603 | D:13     | Noticed a boulder beetle
 12606 | D:13     | Noticed a five-headed hydra
 12613 | D:13     | Killed a boulder beetle
 12913 | D:12     | Identified Peshaatey's Reference Book on Attacks
 13307 | D:12     | Learned a level 4 spell: Cause Fear
 13367 | Lair:1   | Entered Level 1 of the Lair of Beasts
 13907 | Lair:1   | Reached XP level 12. HP: 68/68 MP: 25/25
 13919 | Lair:1   | Noticed Urug
 14137 | Lair:1   | Killed Urug
 14138 | Lair:1   | Reached skill level 10 in Dodging
 14138 | Lair:1   | Reached skill level 10 in Spellcasting
 14685 | Lair:2   | Got a smoking longbow
 14811 | Lair:2   | Noticed a four-headed hydra
 14818 | Lair:2   | Killed a four-headed hydra
 14819 | Lair:2   | Reached skill level 11 in Hexes
 14861 | Lair:2   | Found a snail-covered altar of Cheibriados.
 14903 | Lair:2   | You fall into a shaft and drop 1 floor!
 15163 | Lair:2   | Found a staircase to the Snake Pit.
 15790 | Lair:3   | Found a staircase to the Swamp.
 16363 | Lair:4   | Noticed a five-headed hydra
 16367 | Lair:4   | Killed a five-headed hydra
 16368 | Lair:4   | Reached skill level 12 in Hexes
 16370 | Lair:4   | Identified the +8 longbow of the Other Side {venom,
                  | *Corrode rF+ rC+ Stlth+} (You found it on level 2 of the
                  | Lair of Beasts)
 16377 | Lair:4   | Noticed Nergalle
 16385 | Lair:4   | Killed Nergalle
 16433 | Lair:4   | Reached skill level 1 in Long Blades
 16676 | Lair:4   | Noticed a catoblepas
 16684 | Lair:4   | Killed a catoblepas
 17158 | Lair:5   | Noticed an eight-headed hydra
 17165 | Lair:5   | Killed an eight-headed hydra
 17297 | Lair:5   | Reached XP level 13. HP: 75/75 MP: 19/27
 17646 | Lair:5   | Found a viscous altar of Jiyva.
 17648 | Lair:5   | Found a staircase to the Slime Pits.
 18297 | Lair:6   | Entered Level 6 of the Lair of Beasts
 19148 | Lair:6   | Reached skill level 5 in Long Blades
 20589 | Lair:6   | Got a crude spear
 20601 | Lair:6   | Identified the +10 spear of Accord {vorpal, +Blink rPois}
                  | (You found it on level 6 of the Lair of Beasts)
 20848 | Orc:1    | Entered Level 1 of the Orcish Mines
 20848 | Orc:1    | Noticed Harold
 20854 | Orc:1    | Killed Harold
 20884 | Orc:1    | Found Gyqed's Antique Weapon Boutique.
 20906 | Orc:1    | Found a dark tunnel.
 21082 | Volcano  | Entered a volcano
 21238 | Volcano  | Found a radiant altar of Vehumet.
 21257 | Volcano  | Paralysed by an ogre mage for 4 turns
 21352 | Volcano  | Reached XP level 14. HP: 84/84 MP: 29/29
 21588 | Orc:1    | Bought a pitted dagger for 168 gold pieces
 21699 | Orc:1    | Identified the +5 dagger of Fee Simple {vorpal, rN+} (You
                  | bought it in a shop on level 1 of the Orcish Mines)
 21729 | Orc:2    | Entered Level 2 of the Orcish Mines
 22282 | Orc:2    | Found a staircase to the Elven Halls.
 22327 | Orc:2    | Reached skill level 15 in Stealth
 22335 | Orc:2    | Found Fiatedea's Jewellery Shop.
 22335 | Orc:2    | Found Gahosher's Jewellery Shoppe.
 22337 | Orc:2    | Found Futhoink's Armour Shop.
 22337 | Orc:2    | Found Ibuar's Assorted Antiques.
 23235 | Orc:1    | Noticed Snorg
 23242 | Orc:1    | Killed Snorg
 23250 | Orc:1    | Noticed Erolcha
 23258 | Orc:1    | Killed Erolcha
 23292 | Orc:1    | Noticed Sonja
 23295 | Orc:1    | Killed Sonja
 23660 | Lair:1   | Bought the Tome of the Locust for 703 gold pieces
 23660 | Lair:1   | Bought a manual of Fighting for 1435 gold pieces
 23666 | Lair:1   | Learned a level 5 spell: Summon Mana Viper
 23675 | Lair:1   | Learned a level 8 spell: Discord
 24019 | D:13     | Found a transporter.
 24024 | D:13     | Found a transporter.
 24025 | D:13     | Found a transporter.
 24296 | D:13     | Found a transporter.
 24464 | D:13     | Reached skill level 10 in Fighting
 24832 | D:13     | Got a glimmering glaive
 24966 | D:13     | Identified the +7 rapier of Checkmate {antimagic, rF- rN+
                  | MP+9 Stlth+}
 24967 | D:13     | Identified the +6 scimitar of Yllui {antimagic, *Drain +Fly
                  | rC+}
 24979 | D:13     | Identified the +3 giant club of Disintegration {vorpal,
                  | +Blink rC- Str+2 Int+2}
 24979 | D:13     | Identified the +3 dire flail of Xom's Approval {vorpal, rF-
                  | rN+ Str+5 Int+2}
 24997 | D:13     | Found a bloodstained altar of Trog.
 25826 | D:14     | Found a sacrificial altar of Ru.
 26305 | D:14     | Found a gate to the Vaults.
 26890 | D:14     | Got a slimy ring mail
 26932 | D:14     | Reached skill level 13 in Hexes
 26932 | D:14     | Reached XP level 15. HP: 95/95 MP: 31/31
 27308 | D:14     | Identified the +2 ring mail of Liberalism {rF++ rC-} (You
                  | found it on level 14 of the Dungeon)
 27321 | D:14     | Identified the +10 glaive "Bagoe" {vorpal, *Noise Str+3
                  | SInv} (You found it on level 13 of the Dungeon)
 27327 | D:15     | Entered Level 15 of the Dungeon
 27768 | D:15     | Found a staircase to the Depths.
 28562 | Snake:1  | Entered Level 1 of the Snake Pit
 29475 | Snake:1  | Found Laujaek's Antique Weapon Emporium.
 30272 | Snake:2  | Noticed Donald
 30275 | Snake:2  | Killed Donald
 30288 | Snake:2  | Reached skill level 14 in Hexes
 30415 | Snake:2  | Found Wount's Book Shoppe.
 30415 | Snake:2  | Found Aclurrea's Distillery.
 30415 | Snake:2  | Found Xorph's Assorted Antiques.
 30415 | Snake:2  | Found Umakki's Distillery.
 30422 | Snake:2  | Bought 2 potions of curing for 84 gold pieces
 30422 | Snake:2  | Bought a potion of heal wounds for 70 gold pieces
 30422 | Snake:2  | Bought a potion of haste for 140 gold pieces
 30428 | Snake:2  | Bought a scroll labelled YCKISYNUNO for 32 gold pieces
 30428 | Snake:2  | Bought a transparent robe for 182 gold pieces
 30428 | Snake:2  | Bought a bubbling inky potion for 28 gold pieces
 30439 | Snake:2  | Identified the +0 robe "Hoxacum" {*Corrode rF- rC+++ Int+6}
                  | (You bought it in a shop on level 2 of the Snake Pit)
 30453 | Snake:2  | You fall into a shaft and drop 1 floor!
 30656 | Snake:2  | Noticed Nikola
 30674 | Snake:2  | Killed Nikola
 31020 | Snake:2  | Noticed Vashnia
 31280 | Snake:2  | Killed Vashnia
 31736 | Snake:2  | Noticed Roxanne
 32121 | Snake:2  | Reached skill level 15 in Hexes
 32522 | Snake:2  | Killed Roxanne
 32532 | Snake:2  | Learned a level 6 spell: Statue Form
 32872 | Snake:3  | Noticed a nagaraja
 32897 | Snake:3  | Killed a nagaraja
 32898 | Snake:3  | Reached XP level 16. HP: 78/106 MP: 23/33
 33021 | Snake:3  | Learned a level 6 spell: Invisibility
 33197 | Snake:3  | Found Votaki's Jewellery Emporium.
 33198 | Snake:3  | Found Horowk's Book Shop.
 33199 | Snake:3  | Found Wogum's Jewellery Emporium.
 33307 | Snake:4  | Entered Level 4 of the Snake Pit
 33930 | Snake:4  | Noticed Aizul
 33952 | Snake:4  | Killed Aizul
 35536 | Snake:4  | Reached skill level 16 in Hexes
 36353 | Snake:4  | Reached skill level 15 in Fighting
 36813 | Snake:4  | Reached skill level 5 in Transmutations
 37002 | Snake:4  | Reached skill level 1 in Earth Magic
 38009 | Snake:4  | Got a serpentine rune of Zot
 38345 | Swamp:1  | Entered Level 1 of the Swamp
 39349 | Swamp:1  | HP: 5/108 [spriggan druid/angry trees (10)]
 39357 | Swamp:1  | HP: 2/108 [spriggan druid/stone arrow (38)]
 39699 | Swamp:2  | Found a blossoming altar of Fedhas.
 40123 | Swamp:2  | Slain by a spriggan berserker

Illustrated notes

Levels and vault maps discovered:
D:1:      dpeg_arrival_houses_and_road, layout_basic,
          chequers_serial_rivers_small_b, minmay_tromino_v4_a
D:2:      layout_loops_cross
D:3:      layout_loops_ring, grunt_dithmenos_smoke, uniq_ijyb
D:4:      layout_basic, chequers_temple_overflow_minitemple,
          ebering_ghost_reflecting_pool, minmay_bent, uniq_pikel
D:5:      layout_rooms, minivault_23
D:6:      layout_cave_pools, lemuel_round_altar,
          minmay_temple_entry_enclosed_plants
D:7:      layout_loops_cross
D:8:      layout_loops_ring, marbit_many_paths, serial_shops,
          nicolae_shop_crystal, enter_bailey_8, minivault_1, amethyst_killhole,
          uniq_erica
D:9:      layout_small_grid, old_standard_altar, lair_entry_dummy, minivault_4,
          hex_medium
D:10:     gammafunk_wand_slinger, layout_long_grid, serial_shops,
          nicolae_shop_stone, basic_altar, uniq_psyche
D:11:     layout_loops_ring, kennysheep_doodads
D:12:     nicolae_whirlpool, layout_basic
D:13:     gammafunk_sealed_arena, layout_basic,
          gammafunk_ghost_wrathful_warriors, chequers_mini_garden
D:14:     layout_grid_maze, erik_vaults_1, lemuel_crystal_altar
D:15:     hangedman_depths_entry_civil_slaughter, layout_stronghold,
          ebering_dispersal_statue_hall, chequers_avenue
Temple:   nicolae_temple_great_sept
Lair:1:   layout_layer_cave, uniq_urug
Lair:2:   layout_gridlike, minmay_snake_entry_guardpost_medium,
          amcnicky_altar_gilded
Lair:3:   layout_regular_city, minmay_swamp_entry_worms, serial_rivers,
          chequers_serial_rivers_small_3, chequers_serial_rivers_small_3,
          chequers_serial_rivers_large_b, chequers_serial_rivers_micro_a,
          chequers_serial_rivers_small_a, chequers_serial_rivers_large_a,
          minmay_stone_trees_small
Lair:4:   layout_concentric_octagons, uniq_nergalle
Lair:5:   layout_regular_city, slime_altar_1
Lair:6:   minmay_lair_end_enchanted_forest, layout_regular_city,
          eino_house_with_fridge, grunt_megastairs_2, minmay_lair_oklob_chamber
Swamp:1:  layout_basic_swamp, serial_swamp_ruin, evilmike_swamp_ruin_house_1,
          evilmike_swamp_ruin_house_6
Swamp:2:  cheibrodos_swamp_heart_of_darkness, layout_basic_swamp, basic_altar,
          swamp_pool5
Snake:1:  layout_grid_shapes, serial_shops, shop, drop_trap,
          serial_bayou_shore_a
Snake:2:  layout_cave_pods, grunt_megastairs_4, minmay_shoptagon, uniq_vashnia,
          uniq_donald, uniq_roxanne, uniq_nikola
Snake:3:  layout_rooms, minmay_shop_grove
Snake:4:  snake_pit, layout_onion_interference, uniq_aizul
Orc:1:    layout_diamond_mine, serial_shops, shop, nicolae_volcano_entry_s_turn,
          uniq_sonja, uniq_erolcha, uniq_snorg, uniq_harold
Orc:2:    grunt_orc_tribal_feast, layout_caves, statue_in_the_mist_lemuel,
          mines2_lemuel

Skill      XL: |  1  2  3  4  5  6  7  8  9 10 11 12 13 14 15 16 |
---------------+-------------------------------------------------+-----
Stealth        | 5 6 7 10 12 14 15 | 15.0
Hexes          | 5 6 7 8 10 12 13 15 16 | 16.0
Spellcasting   | 3 4 5 6 7 9 10 11 12 13 14 | 14.0
Dodging        | 3 4 5 6 9 10 11 12 | 12.8
Shields        | 1 3 4 |  4.0
Short Blades   | 3 6 |  6.0
Fighting       | 1 3 4 5 6 8 11 14 15 | 15.0
Transmutations | 3 6 |  6.5
Fire Magic     | 3 |  3.0
Poison Magic   | 4 5 |  5.0
Long Blades    | 2 6 7 |  7.7
Earth Magic    | 3 |  3.7

Action                   |  1- 3 |  4- 6 |  7- 9 | 10-12 | 13-15 | 16-18 || total
-------------------------+-------+-------+-------+-------+-------+-------++-------
Melee: Dagger            |   174 |   139 |   301 |   117 |       |       ||   731
       Bite              |    13 |    15 |    32 |    45 |   123 |    30 ||   258
       Scimitar          |       |       |    19 |       |       |       ||    19
       Short sword       |       |       |       |   225 |   223 |       ||   448
       Rapier            |       |       |       |       |   492 |   244 ||   736
 Cast: Ensorcelled Hiber |    15 |    32 |    65 |   122 |   188 |    98 ||   520
       Confusing Touch   |       |     3 |    16 |    12 |    22 |     9 ||    62
       Olgreb's Toxic Ra |       |       |       |    10 |    45 |     3 ||    58
       Ignite Poison     |       |       |       |     8 |    43 |     4 ||    55
       Cause Fear        |       |       |       |     2 |     8 |       ||    10
       Summon Mana Viper |       |       |       |       |    39 |    53 ||    92
       Discord           |       |       |       |       |     3 |     5 ||     8
       Invisibility      |       |       |       |       |       |     5 ||     5
Invok: Call Merchant     |       |       |       |       |     3 |       ||     3
 Abil: Exsanguinate      |       |       |       |     1 |       |       ||     1
Evoke: Wand              |       |       |       |     1 |    10 |       ||    11
  Use: Scroll            |       |       |    14 |    10 |    15 |     2 ||    41
       Potion            |       |       |       |       |     5 |     5 ||    10
 Stab: Sleeping          |    19 |    30 |    48 |   134 |   157 |    44 ||   432
       Confused          |       |     5 |    20 |    12 |    23 |     5 ||    65
       Distracted        |       |       |       |     3 |    13 |    11 ||    27
       Invisible         |       |       |       |       |       |    14 ||    14
Armor: Robe              |    36 |    26 |    55 |    34 |    48 |    17 ||   216
Dodge: Dodged            |   116 |    74 |   146 |   169 |   542 |   231 ||  1278
Block: Buckler           |       |       |    99 |   166 |   410 |   139 ||   814
       Reflection        |       |       |     2 |    12 |    32 |    24 ||    70
       Rpst.: Scimitar   |       |       |     2 |       |       |       ||     2

Table legend: (Time is in decaauts)
 A = Elapsed time spent in this place.
 B = Non-inter-level travel time spent in this place.
 C = Inter-level travel time spent in this place.
 D = Time resting spent in this place.
 E = Time spent auto-exploring this place.
 F = Levels seen in this place.
 G = Mean time per level.
                   A        B        C        D        E       F      G
               +--------+--------+--------+--------+--------+-----+--------+
         Total |  39980 |  37298 |   2682 |   2183 |  26699 |  31 | 1289.7 |
       Dungeon |  18126 |  16505 |   1621 |    645 |  11968 |  15 | 1208.4 |
        Temple |    101 |     75 |     26 |      0 |     73 |   1 |  101.0 |
          Lair |   8008 |   7434 |    574 |    329 |   5701 |   6 | 1334.7 |
         Swamp |   1751 |   1724 |     27 |      0 |   1322 |   2 |  875.5 |
     Snake Pit |   9302 |   9090 |    212 |    941 |   6133 |   4 | 2325.5 |
  Orcish Mines |   2233 |   2013 |    220 |    136 |   1398 |   2 | 1116.5 |
       Volcano |    455 |    455 |      0 |    132 |    103 |   1 |  455.0 |
               +--------+--------+--------+--------+--------+-----+--------+

Top non-repeatable levels by time:
 Snake:4: 4913 daAuts
 Snake:2: 2483 daAuts
  Lair:6: 2335 daAuts
    D:13: 2075 daAuts
     D:4: 2011 daAuts
    D:14: 1557 daAuts
   Orc:2: 1408 daAuts
  Lair:1: 1373 daAuts
    D:12: 1325 daAuts
    D:11: 1297 daAuts
 Swamp:1: 1297 daAuts
 Snake:1: 1253 daAuts
  Lair:5: 1234 daAuts
  Lair:2: 1228 daAuts
     D:3: 1166 daAuts
